 Dungeon Crawl Stone Soup version 0.17-a0-1150-g17b0b87 (webtiles) character file.

337 Fluffy the Chiller (level 6, -6/45 HPs)
             Began as a Demigod Ice Elementalist on May 27, 2015.
             Mangled by Duvessa
             ... wielding a +0 short sword
              (14 damage)
             ... on level 5 of the Dungeon.
             The game lasted 00:10:05 (3654 turns).

Fluffy the Chiller (Demigod Ice Elementalist)       Turns: 3654, Time: 00:10:05

Health: -6/45      AC:  4    Str: 15    XL:     6   Next: 7%
Magic:  11/15      EV: 12    Int: 19    God:
Gold:   250        SH:  0    Dex: 16    Spells: 1 memorised, 12 levels left

rFire  . . .     SeeInvis +     y - +2 short sword (venom)
rCold  . . .     Clarity  .     s - +0 leather armour (curse)
rNeg   . . .     SustAt   +     (no shield)
rPois  .         Gourm    .     (no helmet)
rElec  .         Spirit   .     m - +0 cloak
rCorr  .         Warding  .     (no gloves)
rMut   .         Stasis   .     (no boots)
MR     .....                    (no amulet)
Stlth  +.........               (no ring)
                                j - ring of see invisible

@: very slightly contaminated, glowing, not resistant to hostile enchantments,
very unstealthy
A: high mp 1, sustain attributes
a: no special abilities


You were on level 5 of the Dungeon.
You were hungry.

You visited 1 branch of the dungeon, and saw 5 of its levels.

You collected 250 gold pieces.

Inventory:

Hand weapons
 y - a +2 short sword of venom (weapon)
Armour
 a - a +0 robe
 m - a +0 cloak (worn)
 s - a cursed +0 leather armour (worn)
Jewellery
 j - a ring of see invisible (left hand)
Scrolls
 d - 2 scrolls of enchant weapon {unknown}
 f - 4 scrolls of immolation {unknown}
 k - 4 scrolls of identify {unknown}
 n - a scroll of remove curse {unknown}
 p - a scroll of teleportation {unknown}
 u - a scroll of recharging {unknown}
 v - a scroll of random uselessness {unknown}
 w - 2 scrolls of blinking {unknown}
 x - a scroll of fear {unknown}
Potions
 e - a potion of heal wounds {unknown}
 g - 4 potions of cancellation {unknown}
 h - 2 potions of invisibility {unknown}
 i - a potion of might {unknown}
 o - 2 potions of lignification {unknown}
 q - 3 potions of mutation {unknown}
 t - a potion of flight {unknown}
 z - a potion of agility {unknown}
Books
 b - a book of Frost

   Spells                             Type                      Level
   a - Freeze                         Ice                          1
   b - Throw Frost                    Conjuration/Ice              2
   c - Ozocubu's Armour               Charms/Ice                   3
   d - Throw Icicle                   Conjuration/Ice              4
   e - Summon Ice Beast               Ice/Summoning                4
   f - Condensation Shield            Ice                          4
Comestibles
 c - 3 bread rations
 l - 2 beef jerkies
 r - a meat ration


   Skills:
 - Level 1.7 Dodging
 - Level 1.7 Stealth
 + Level 4.2 Spellcasting
   Level 0.8 Conjurations
 + Level 4.8 Ice Magic


You had 12 spell levels left.
You knew the following spells:

 Your Spells              Type           Power        Failure   Level  Hunger
a - Freeze                Ice            ###.         2%          1    None


Dungeon Overview and Level Annotations

Branches:
Dungeon (5/15)             Temple (0/1) D:4

Annotations:
D:5 Duvessa


Innate Abilities, Weirdness & Mutations

You have an increased reservoir of magic (+10% MP).
Your attributes are resistant to harm.


Message History

Aim: Duvessa, wielding a short sword and wearing a leather armour (lightly wounded, berserk, fast, unusually strong, unusually resistant)
You freeze Duvessa.
Duvessa resists.
Duvessa is lightly wounded.
Duvessa hits you with a short sword.
You hit Duvessa.
Duvessa is poisoned.
Duvessa is moderately wounded.
Duvessa hits you with a short sword. Duvessa hits you with a short sword!
* * * LOW HITPOINT WARNING * * *
Duvessa barely misses you. The rat bites you.
* * * LOW HITPOINT WARNING * * *
Casting: Freeze
Confirm with . or Enter, or press ? or * to list all spells.
Aiming: Freeze
Press: ? - help, Shift-Dir - straight line, f/p - Duvessa
Aim: Duvessa, wielding a short sword and wearing a leather armour (moderately wounded, berserk, fast, unusually strong, poisoned, unusually resistant)
You freeze Duvessa.
Duvessa resists.
Duvessa is moderately wounded.
Duvessa hits you with a short sword!
You die...

## #. # ####.####.#
###....#>...# #........#
#.#.###).# #.#......####
###### #.....##..e.#
#....#
#...#.#####@#####.##.###
#.........#.r.?...##...#
.......#.##.############.#
#.#######.# #. #.# # .. #.
#.# ### #.####.# #......#
#..####### #........#


You could see Duvessa (berserk) and a rat.

Vanquished Creatures
  Dowan (D:5)
  A hound (D:4)
  An orc wizard (D:4)
  A centaur skeleton (D:4)
  2 worker ants (D:4)
  6 adders
  2 oozes
  An adder skeleton (D:4)
  A worm (D:3)
  9 orcs
  12 bats
  6 giant cockroaches
  8 goblins
  9 hobgoblins
  2 jackals (D:1)
  A ball python (D:3)
  A giant gecko skeleton (D:4)
  2 giant newts
  4 kobolds
  2 quokkas
  6 rats
78 creatures vanquished.

Notes
Turn   | Place    | Note
--------------------------------------------------------------
     0 | D:1      | Fluffy the Demigod Ice Elementalist began the quest for the Orb.
     0 | D:1      | Reached XP level 1. HP: 14/14 MP: 5/5
   363 | D:1      | Reached skill level 3 in Ice Magic
   363 | D:1      | Reached XP level 2. HP: 1/20 MP: 0/7
  1244 | D:2      | Reached XP level 3. HP: 26/26 MP: 7/9
  2229 | D:3      | Reached XP level 4. HP: 29/33 MP: 4/11
  2389 | D:3      | Found a glowing golden altar of the Shining One.
  2393 | D:3      | Found a white marble altar of Elyvilon.
  2395 | D:3      | Found a glowing silver altar of Zin.
  2668 | D:4      | Reached skill level 4 in Ice Magic
  2872 | D:4      | Found a staircase to the Ecumenical Temple.
  2874 | D:4      | Reached XP level 5. HP: 35/38 MP: 13/13
  3593 | D:5      | Entered Level 5 of the Dungeon
  3630 | D:5      | Noticed Dowan
  3634 | D:5      | Noticed Duvessa
  3646 | D:5      | Killed Dowan
  3646 | D:5      | Reached XP level 6. HP: 28/45 MP: 11/15
  3654 | D:5      | Mangled by Duvessa

Vault maps used:
D:1:      scummos_arrival_gate, minmay_hedge_maze
D:3:      good_gods_temple_1, hangedman_decor_diamond_cutter
D:4:      temple_green
D:5:      first_bread, uniq_duvessa

Action                   |  1- 3 |  4- 6 || total
-------------------------+-------+-------++-------
Melee: Dagger            |    31 |       ||    31
       Short sword       |     1 |    88 ||    89
 Cast: Freeze            |    58 |    22 ||    80
 Stab: Sleeping          |     7 |     3 ||    10
  Eat: Chunk             |     4 |     4 ||     8
